[Event "Early-Titled-Tuesday-Blitz-April-16-2024"]
[Site "Chess.com"]
[Date "2024.04.16"]
[Round "1"]
[White "ChessSG1"]
[Black "Flawless_Fighter"]
[Result "0-1"]
[WhiteElo "2433"]
[BlackElo "2769"]
[TimeControl "180+1"]
[EndTime "8:07:33 PDT"]
[Termination "Flawless_Fighter won by resignation"]

1. c4 e6 2. g3 d5 3. Bg2 Nf6 4. Nf3 Be7 5. O-O O-O 6. b3 b6 7.
Bb2 Bb7 8. d3 c5 9. e3 Nc6 10.
Qe2 Qd7 11. Nc3 Rfd8 12. Rfd1 Rac8 13. cxd5 Nxd5 14. Nxd5 exd5 15. d4 Qe6 16. Rac1 h6 17. Qf1 Bf8 18. Bh3 f5 19. Nh4 Ne7 20. Nf3 c4 21.
Ne5 b5 22. g4 Qf6 23. Ba3 fxg4 24. Bxg4 Nf5 25. Bxf8 Rxf8 26. Qh3 Rc7 27. Kh1 Bc8 28.
Qg2 Be6 29. Rg1 Kh7 30. Bh5 Nh4 31. Bg6+ Kg8 32. Qg3 Qxf2 33. Rcf1 Qxg3 34. hxg3 Rxf1 35. Rxf1 Nxg6 36. Nxg6 Rf7 37. Nf4 Bf5 38. Kh2 Be4 39. Rc1 g5 40. Ne6 Rf2+ 41. Kg1 Rxa2 42. bxc4 dxc4 43. Nc7 Rb2 44. d5 Rd2 45. Nxb5 Bxd5 46.
Nxa7 Rg2+ 47. Kf1 Rh2 48. Nb5 Rh1+ 0-1

[Event "Early-Titled-Tuesday-Blitz-April-16-2024"]
[Site "Chess.com"]
[Date "2024.04.16"]
[Round "1"]
[White "IndianSchoolOfSuffering"]
[Black "GelmanAlexander"]
[Result "1-0"]
[WhiteElo "2414"]
[BlackElo "2682"]
[TimeControl "180+1"]
[EndTime "8:07:33 PDT"]
[Termination "IndianSchoolOfSuffering won on time"]

1. e4 c5 2. Nc3 e6 3. g3 a6 4. Bg2 d6 5. d3 Nc6 6. Be3 Nf6 7. h3 Be7 8. Qd2 Qc7 9. Nge2 Bd7 10. O-O h6 11. a4 g5 12. b3 Rg8 13. d4 cxd4 14.
Nxd4 Ne5 15. f4 gxf4 16. gxf4 Ng6 17. Kh2 Rc8 18. Nce2 Nh4 19. Bh1 d5 20. e5 Ne4 21.
Qe1 f5 22. Rc1 b5 23. axb5 axb5 24. Bxe4 dxe4 25. Rg1 Kf7 26. Qf2 b4 27. c4 bxc3 28. Rxc3 Qb7 29. Rxc8 Qxc8 30. Rxg8 Qxg8 31. Ng3 Qa8 32.
Qe2 Qa1 33. Bf2 Qc1 34. Be3 Qb1 35. Bf2 Bc8 36. Qh5+ Kg7 37. Qe2 e3 38. Nh5+ Kf7 39. Bxh4 Bxh4 40. Nf6 Bb7 41. Qh5+ Kg7 42. Ne8+ 1-0

[Event "Early-Titled-Tuesday-Blitz-April-16-2024"]
[Site "Chess.com"]
[Date "2024.04.16"]
[Round "1"]
[White "NajdorfPlayerc5"]
[Black "Ginger_GM"]
[Result "0-1"]
[WhiteElo "2369"]
[BlackElo "2662"]
[TimeControl "180+1"]
[EndTime "8:07:33 PDT"]
[Termination "Ginger_GM won on time"]

1. Nf3 f5 2. d4 e6 3. g3 Nf6 4. Bg2 Be7 5. O-O O-O 6. c4 d6 7. Nc3 a5 8. Re1 Ne4 9. Qc2 Nc6 10. Nxe4 Nb4 11. Qb1 fxe4 12. Qxe4 e5 13. Qb1 Bf5 14. e4 Bg4 15. Nd2 exd4 16. a3 Nc6 17. f4 Qd7 18. Qd3 g5 19. Nf3 gxf4 20. gxf4 Bf6 21. Bd2 Kh8 22.
Kh1 a4 23. Rg1 Rg8 24. Raf1 Rae8 25. Re1 Rg6 26. f5 Rgg8 27. Bf4 Qf7 28. h3 Qh5 29. Nh2 Be5 30. hxg4 Rxg4 31. Bxe5+ Nxe5 32. Qh3 Rh4 33. Qg3 Rg8 34. Bf3 Rxg3 35. Bxh5 Rgh3 36. Re2 Rxh5 37. Reg2 Rxh2+ 38. Rxh2 Rxh2+ 39. Kxh2 Nf3+ 40. Kg2 Nxg1 41. Kxg1 Kg7 42. Kf2 Kf6 0-1

[Event "Early-Titled-Tuesday-Blitz-April-16-2024"]
[Site "Chess.com"]
[Date "2024.04.16"]
[Round "1"]
[White "GothamChess"]
[Black "Donskov_AN"]
[Result "1-0"]
[WhiteElo "2659"]
[BlackElo "2363"]
[TimeControl "180+1"]
[EndTime "8:07:33 PDT"]
[Termination "GothamChess won on time"]

1. e4 c5 2. Nc3 Nc6 3. Bb5 g6 4.
Bxc6 dxc6 5. d3 Bg7 6. f4 Nf6 7. Nf3 O-O 8. O-O b6 9. Qe1 Ne8 10. Qh4 Nc7 11. f5 Nb5 12. Nxb5 cxb5 13. Bh6 f6 14.
fxg6 hxg6 15. Bd2 Be6 16. Qg3 Bf7 17. Nh4 Qe8 18. Rf2 a5 19. Raf1 b4 20. Rf3 a4 21.
Qg4 Qc8 22. Qg3 Qe8 23. a3 bxa3 24. bxa3 b5 25. Bc3 Rb8 26. Bb2 b4 27. Kh1 b3 28.
c4 Rb7 29. Rf4 Rd7 30. Rg4 g5 31. Rxg5 fxg5 32. Bxg7 gxh4 33. Qg5 Bg6 34. Bxf8 e5 35. Bxc5 Kh7 36. Be3 Kg8 37. Qh6 Rg7 38. Bc5 1-0

[Event "Early-Titled-Tuesday-Blitz-April-16-2024"]
[Site "Chess.com"]
[Date "2024.04.16"]
[Round "1"]
[White "UmarovSabir"]
[Black "Nf3c5"]
[Result "0-1"]
[WhiteElo "2295"]
[BlackElo "2611"]
[TimeControl "180+1"]
[EndTime "8:07:33 PDT"]
[Termination "Nf3c5 won on time"]

1. e4 c5 2. Nf3 Nc6 3. d4 cxd4 4. Nxd4 e5 5. Nxc6 bxc6 6. Be2 Nf6 7. Nd2 Bc5 8. O-O O-O 9. b3 Bd4 10. Rb1 d5 11. exd5 cxd5 12. Bb2 Bxb2 13. Rxb2 Qa5 14.
c4 d4 15. b4 Qc7 16. c5 Bb7 17. Nc4 Rad8 18. Nd6 Ba8 19. Bc4 Rxd6 20. cxd6 Qxc4 21. Qa4 Qd5 22. f3 Qxd6 23. Qxa7 h5 24. b5 Rb8 25. b6 Bb7 26. a4 d3 27. a5 Nd7 28. Rd2 Bc6 29.
Qc7 Qd5 30. Rfd1 e4 31. fxe4 Qxe4 32. Qg3 Qd4+ 33. Kh1 Ne5 34. Rxd3 Nxd3 35. Qxb8+ Kh7 36. Rf1 Nf2+ 0-1

[Event "Early-Titled-Tuesday-Blitz-April-16-2024"]
[Site "Chess.com"]
[Date "2024.04.16"]
[Round "1"]
[White "Viktoker"]
[Black "GMG"]
[Result "0-1"]
[WhiteElo "2447"]
[BlackElo "2794"]
[TimeControl "180+1"]
[EndTime "8:07:34 PDT"]
[Termination "GMG won by resignation"]

1. d4 f5 2. Nc3 Nf6 3. Bg5 d5 4. Bxf6 exf6 5. e3 Be6 6. Qf3 Qd7 7. Bb5 Nc6 8. Nge2 a6 9. Ba4 b5 10. Bb3 Ne7 11. h3 c6 12. Nf4 Bf7 13. Nd3 Ng6 14. g4 Nh4 15. Qg3 g5 16. O-O-O Bd6 17. f4 a5 18. a4 b4 19. Ne2 Qe7 20. Kb1 O-O 21. Rhe1 Rae8 22. Ng1 Bg6 23. Nf3 Nxf3 24. Qxf3 fxg4 25.
Qxg4 Qe6 26. Qg1 Qxh3 27. fxg5 fxg5 28. Qxg5 Qg3 29. Qxg3 Bxg3 30. Rh1 Rxe3 31. Nc5 Rf2 32. Rdg1 Bd6 33. Ka2 Bxc5 34. dxc5 Kg7 35. Rg5 Rf5 36.
Rg4 Re4 37. Rg2 Ref4 38. Rhg1 Rf2 39. Rg4 R5f4 40. Rg5 Kf6 41. c3 bxc3 42. Ka3 cxb2 43. Rb1 Bxb1 0-1

[Event "Early-Titled-Tuesday-Blitz-April-16-2024"]
[Site "Chess.com"]
[Date "2024.04.16"]
[Round "1"]
[White "ViratKohl_i"]
[Black "jcibarra"]
[Result "0-1"]
[WhiteElo "2519"]
[BlackElo "2961"]
[TimeControl "180+1"]
[EndTime "8:07:35 PDT"]
[Termination "jcibarra won by resignation"]

1. e4 c5 2. Nf3 e6 3. g3 Nc6 4. Bg2 Nf6 5. Qe2 e5 6. O-O Be7 7. c3 O-O 8. Rd1 d5 9. exd5 Qxd5 10. d3 Bg4 11. h3 Bh5 12. Bg5 e4 13. dxe4 Qxg5 14.
g4 Qh6 15. gxh5 Nxh5 16. Nh2 Nf4 17. Qf3 Ne5 18. Qe3 Qg5 19. Ng4 Nxg4 20. hxg4 Qxg4 21. Qf3 Qg5 22. Na3 Rad8 23. Nc4 Rfe8 24. Ne3 Bd6 25. Kf1 g6 26. a4 h5 27. a5 Bc7 28. a6 b5 29. Rxd8 Rxd8 30. Rd1 Rxd1+ 31. Qxd1 Bb6 32. Bf3 c4 33. Qd7 Nd3 34. Nd5 Qc1+ 35. Kg2 Qg5+ 36. Kf1 Bxf2 37. Ke2 Bc5 38. Qxb5 Qg1 39. Qxc4 Ne5 40.
Nf6+ Kg7 41. Ne8+ Kf8 42. Qb5 Qe3+ 43. Kd1 Qxf3+ 44. Kc2 Qxe4+ 45. Kb3 Qd5+ 46. c4 Qxc4+ 0-1

[Event "Early-Titled-Tuesday-Blitz-April-16-2024"]
[Site "Chess.com"]
[Date "2024.04.16"]
[Round "1"]
[White "DarkAlekhine"]
[Black "FlemingA"]
[Result "1-0"]
[WhiteElo "2774"]
[BlackElo "2439"]
[TimeControl "180+1"]
[EndTime "8:07:36 PDT"]
[Termination "DarkAlekhine won on time"]

1. e4 g6 2. d4 Bg7 3. Nf3 d6 4. Bd3 Nf6 5. O-O O-O 6. Re1 Nc6 7. c3 e5 8. h3 Re8 9. Nbd2 a6 10. Nf1 h6 11. Ng3 Bd7 12. d5 Ne7 13. c4 c6 14. Be3 cxd5 15. cxd5 Bb5 16. Bxb5 axb5 17. Qd3 Qa5 18. Nd2 Nd7 19. Nb3 Qa4 20. Ne2 b4 21. Qd2 Kh7 22. Nec1 b6 23. Nd3 Nc5 24. Nbxc5 bxc5 25. b3 Qb5 26. Nb2 Nc8 27. Nc4 Rd8 28. Qd3 Qb7 29. h4 Nb6 30. h5 Nxc4 31. hxg6+ fxg6 32. Qxc4 Ra3 33. g3 Rda8 34. Qc2 Qa6 35. Kg2 Rxa2 36.
Rxa2 Qxa2 37. Qc1 h5 38. Qd1 Ra3 39. g4 Qxb3 40. Qf3 hxg4 41. Qxg4 Qd3 42. Rh1+ Kg8 43. Qxg6 Qe2 44. Qe8+ Bf8 45. Qe6+ Kg7 46. Bh6+ 1-0

[Event "Early-Titled-Tuesday-Blitz-April-16-2024"]
[Site "Chess.com"]
[Date "2024.04.16"]
[Round "1"]
[White "manitodeplomo"]
[Black "Larina_Maria"]
[Result "1-0"]
[WhiteElo "2648"]
[BlackElo "2348"]
[TimeControl "180+1"]
[EndTime "8:07:37 PDT"]
[Termination "manitodeplomo won by checkmate"]

1. d4 f5 2. g3 Nf6 3. Bg2 g6 4. Nf3 Bg7 5. O-O O-O 6. c4 d6 7.
b4 e5 8. e3 e4 9. Nfd2 a5 10. b5 c6 11. a4 Be6 12. Ba3 Re8 13. Nc3 d5 14. bxc6 bxc6 15. cxd5 Nxd5 16. Nxd5 Bxd5 17.
Qc2 Na6 18. Rfb1 Qc7 19. Bf1 c5 20. Bxa6 Rxa6 21. Qxc5 Qxc5 22. Bxc5 Rc8 23. Rb5 Bc6 24. Rbb1 Bd5 25. Ra3 Raa8 26. Rb5 Rcb8 27. h4 Bc6 28.
Rxb8+ Rxb8 29. Nc4 Ra8 30. Kf1 h6 31. Ke2 Kf7 32. Kd2 Ke6 33. Kc3 Bd5 34. Nb6 Rb8 35.
Nxd5 Kxd5 36. Rb3 Rc8 37. Rb5 Ra8 38. Rb6 g5 39. Rd6# 1-0

[Event "Early-Titled-Tuesday-Blitz-April-16-2024"]
[Site "Chess.com"]
[Date "2024.04.16"]
[Round "1"]
[White "Mops_2004"]
[Black "UK_23"]
[Result "1/2-1/2"]
[WhiteElo "2803"]
[BlackElo "2460"]
[TimeControl "180+1"]
[EndTime "8:07:39 PDT"]
[Termination "Game drawn by repetition"]

1. g3 e5 2. c4 c6 3. Nf3 e4 4.
Nd4 d5 5. cxd5 cxd5 6. d3 exd3 7.
Qxd3 Nc6 8. Bg2 Nf6 9. O-O Be7 10. Nc3 O-O 11. Bf4 Nxd4 12. Qxd4 Be6 13. Rfd1 Qa5 14. Nxd5 Nxd5 15. Bxd5 Rfd8 16. e4 Rac8 17. Be5 Bxd5 18. exd5 f6 19. Bf4 Bd6 20. Bd2 Qb5 21. Bc3 Be5 22.
Qd3 Qxd3 23. Rxd3 Bxc3 24. bxc3 Rc4 25. Re1 Rd7 26. Kg2 Kf7 27. Kf3 Rc5 28. Red1 b5 29.
R1d2 a6 30. Ke2 Ke7 31. Kd1 Kd6 32. Kc2 Re7 33. Kb2 Re5 34. Kb3 Rc4 35. f4 Re1 36. Rd4 Rc5 37. a4 Rc1 38. R2d3 Rb1+ 39. Ka2 Rh1 40.
axb5 Rxh2+ 41. Kb3 axb5 42. Rd1 Rg2 43. R1d3 Rg1 44.
Re3 Rb1+ 45. Kc2 Rg1 46. Re6+ Kd7 47. Ra6 Rxg3 48. Ra7+ Kd6 49. Ra6+ Kd7 50. Ra7+ Kd6 51. Ra6+ Kd7 1/2-1/2

[Event "Early-Titled-Tuesday-Blitz-April-16-2024"]
[Site "Chess.com"]
[Date "2024.04.16"]
[Round "1"]
[White "Josgar05"]
[Black "jumpingknight20"]
[Result "0-1"]
[WhiteElo "2421"]
[BlackElo "2728"]
[TimeControl "180+1"]
[EndTime "8:07:39 PDT"]
[Termination "jumpingknight20 won by checkmate"]

1. Nf3 Nf6 2. b3 g6 3. Bb2 Bg7 4. g3 O-O 5. c4 d6 6. d4 c5 7. Bg2 Nc6 8. d5 Na5 9. O-O a6 10. a4 Rb8 11. Nc3 Ne4 12. Qc2 Nxc3 13. Bxc3 Bf5 14.
Qb2 Bxc3 15. Qxc3 Qb6 16. Nd2 Bd7 17. e4 e5 18. f4 f6 19. f5 Kg7 20. h4 Qb4 21. Qxb4 cxb4 22. g4 b6 23. Rf3 Nb7 24. Rg3 Nc5 25. Bf1 Kf7 26. Kf2 Rg8 27. Be2 Rg7 28.
Rh1 Rbg8 29. h5 gxf5 30. exf5 Bxf5 31. Rhg1 Bd7 32. Bd1 f5 33. g5 f4 34. R3g2 e4 35. h6 Rg6 36. Bh5 e3+ 37. Kf3 exd2 38. Rxd2 Re8 39. Re2 Rxe2 40. Kxe2 Nxb3 41. Kf3 Nd4+ 42.
Kxf4 Kf8 43. Rf1 Rg8 44. Ke4+ Nf5 45. Bg4 Rxg5 46. Bxf5 Rxf5 47. Rxf5+ Bxf5+ 48. Kxf5 b3 49. a5 b2 50. axb6 b1=Q+ 51. Ke6 Qxb6 52. Kd7 a5 53. c5 Qxc5 54. Ke6 a4 55. Kd7 a3 56. Ke6 a2 57. Kd7 a1=Q 58. Ke6 Qe5+ 59. Kd7 Qe7# 0-1

[Event "Early-Titled-Tuesday-Blitz-April-16-2024"]
[Site "Chess.com"]
[Date "2024.04.16"]
[Round "1"]
[White "Chessbard1972"]
[Black "SharapovEvgeny"]
[Result "0-1"]
[WhiteElo "2352"]
[BlackElo "2653"]
[TimeControl "180+1"]
[EndTime "8:07:39 PDT"]
[Termination "SharapovEvgeny won by resignation"]

1. d4 d5 2. c4 c6 3. Nf3 Nf6 4. Nc3 e6 5. Bg5 Be7 6. cxd5 exd5 7. Qc2 g6 8. e3 Bf5 9. Bd3 Bxd3 10. Qxd3 O-O 11.
h3 Nbd7 12. O-O Ne4 13. Bxe7 Qxe7 14. Nd2 f5 15. f3 Nxd2 16. Qxd2 Rae8 17. Rae1 Nf6 18.
a3 Qd6 19. b4 Re6 20. Na4 b6 21. Rc1 Rfe8 22. Rc3 Qe7 23. Kf2 f4 24. Re1 Nh5 25.
e4 dxe4 26. fxe4 Rxe4 27. Rxe4 Qxe4 28. Nb2 Ng3 29. Nc4 Qe2+ 30. Qxe2 Rxe2+ 31. Kf3 g5 32. Ne5 Re1 33. Rxc6 h5 34. Rc2 Nf5 35. Kf2 Rd1 36.
Rc8+ Kg7 37. Rc7+ Kf6 38. Nf3 g4 39. hxg4 hxg4 40. Rc6+ Ke7 41. Ne5 Rd2+ 42. Ke1 Rxg2 43. d5 f3 44. Re6+ Kd8 45. Nf7+ Kd7 46. Ne5+ Kc8 47. Re7 Re2+ 48. Kd1 Ne3+ 49. Kc1 Nxd5 50.
Rxa7 Rxe5 51. Rg7 f2 52. Rf7 g3 53. Kd2 g2 54. Rxf2 g1=Q 55. Rf8+ Kd7 0-1

[Event "Early-Titled-Tuesday-Blitz-April-16-2024"]
[Site "Chess.com"]
[Date "2024.04.16"]
[Round "1"]
[White "ChessboArt"]
[Black "LikeWater"]
[Result "1-0"]
[WhiteElo "2303"]
[BlackElo "2593"]
[TimeControl "180+1"]
[EndTime "8:07:40 PDT"]
[Termination "ChessboArt won on time"]

1. Nf3 d5 2. g3 c6 3. Bg2 Bf5 4. b3 h6 5. Bb2 e6 6. O-O Nf6 7. d3 Nbd7 8. Nbd2 Bh7 9. Qe1 Be7 10. e4 O-O 11. Qe2 a5 12. a3 Qb6 13. Kh1 a4 14.
b4 c5 15. c3 Rfc8 16. Rab1 c4 17. dxc4 dxe4 18. Nd4 e3 19. Qxe3 Bxb1 20. Rxb1 e5 21.
c5 exd4 22. Qxe7 Qc7 23. Nc4 dxc3 24. Bxc3 Re8 25. Qd6 Qc8 26. Rd1 Ra6 27. Qf4 Rae6 28. Nd6 Rxd6 29. Qxd6 Re2 30. Bh3 Qe8 31. Bxd7 Qe4+ 32.
Kg1 Rxf2 33. Kxf2 Qc2+ 34. Ke1 Ne4 35. Bd2 Nxd6 36. cxd6 Qe4+ 37. Kf1 Qh1+ 38. Ke2 Qe4+ 39. Be3 Qg2+ 40. Kd3 Qd5+ 41. Ke2 1-0

[Event "Early-Titled-Tuesday-Blitz-April-16-2024"]
[Site "Chess.com"]
[Date "2024.04.16"]
[Round "1"]
[White "Ati1517"]
[Black "theoneandonlydaaevik"]
[Result "0-1"]
[WhiteElo "2229"]
[BlackElo "2592"]
[TimeControl "180+1"]
[EndTime "8:07:41 PDT"]
[Termination "theoneandonlydaaevik won by resignation"]

1. e4 c5 2. Nf3 e6 3. d4 cxd4 4.
Nxd4 Nf6 5. Nc3 Nc6 6. Nxc6 bxc6 7. Bd3 e5 8. O-O Be7 9. f4 d6 10. fxe5 dxe5 11. Be3 Ng4 12. Bd2 Qb6+ 13. Kh1 Nf2+ 14. Rxf2 Qxf2 15. Be1 Qb6 16. b3 O-O 17. Bg3 Be6 18.
Bxe5 Qa5 19. Bd4 Rfd8 20. Ne2 Bg4 21. Bc3 Qh5 22. Qe1 Bd6 23. Ng3 Qh4 24. e5 Be7 25. Qe4 Be6 26. Qxh4 Bxh4 27. Ne4 Be7 28. Rf1 c5 29. h3 Rac8 30. Ba5 Rd5 31. Bc3 Rd7 32. Ba6 Rb8 33. Bd3 h6 34. g3 c4 35. bxc4 Rc8 36. c5 Bxc5 37. Nxc5 Rxc5 38. Bb4 Rc8 39.
Kh2 Bxa2 40. Ra1 Bc4 41. Bf5 Be6 42. Bd3 h5 43. Bd6 Rb7 44. Ba6 Rxc2+ 45. Kg1 Rbb2 46.
Bd3 Rg2+ 47. Kf1 Rxg3 48. Rc1 Rxd3 0-1

[Event "Early-Titled-Tuesday-Blitz-April-16-2024"]
[Site "Chess.com"]
[Date "2024.04.16"]
[Round "1"]
[White "C_K_G"]
[Black "Bykov_Egor"]
[Result "1-0"]
[WhiteElo "2291"]
[BlackElo "2590"]
[TimeControl "180+1"]
[EndTime "8:07:42 PDT"]
[Termination "C_K_G won by resignation"]

1. e4 c5 2. Nf3 e6 3. d4 cxd4 4. Nxd4 Nf6 5. Nc3 Nc6 6. Be3 Bb4 7. Bd3 d5 8. exd5 Nxd5 9. Nxc6 bxc6 10. Bd2 O-O 11. O-O Rb8 12. Qh5 g6 13. Qh6 Qf6 14.
Ne4 Qg7 15. Qxg7+ Kxg7 16. c3 Be7 17. b4 f5 18. Ng3 e5 19. Bc4 Bf6 20. Rfe1 Rd8 21.
Rad1 Nb6 22. Bb3 Ba6 23. Nf1 Nc4 24. Bc1 e4 25. Ne3 Nxe3 26. Bxe3 Bxc3 27. Rxd8 Rxd8 28. Rc1 Bxb4 29. Rxc6 Be2 30. Rc7+ Kf6 31. h4 Ke5 32. Rxa7 Bd2 33. Bxd2 Rxd2 34. Rxh7 f4 35. Rg7 Bd3 36.
Rxg6 e3 37. Rg5+ Kd4 38. fxe3+ fxe3 39. Rg4+ Be4 40. Bc4 Rxg2+ 41. Rxg2 Bxg2 42. Kxg2 Kxc4 43. Kf1 1-0

[Event "Early-Titled-Tuesday-Blitz-April-16-2024"]
[Site "Chess.com"]
[Date "2024.04.16"]
[Round "1"]
[White "vladislavkovalev"]
[Black "Slovineanu"]
[Result "1-0"]
[WhiteElo "2885"]
[BlackElo "2497"]
[TimeControl "180+1"]
[EndTime "8:07:43 PDT"]
[Termination "vladislavkovalev won by resignation"]

1. e4 c6 2. Nf3 d5 3. d3 dxe4 4. dxe4 Qc7 5. Bc4 e5 6. O-O Nf6 7. Ng5 Bg4 8. Qd3 Bh5 9. Be3 h6 10. Nh3 Bg4 11. f4 Bxh3 12. gxh3 Nbd7 13. Nd2 Bc5 14.
Bxc5 Nxc5 15. Qg3 O-O-O 16. fxe5 Rxd2 17. exf6 gxf6 18. Rxf6 Qxg3+ 19. hxg3 Nxe4 20. Rxf7 Nxg3 21. Re1 Rg8 22. Be6+ Kb8 23. Rxb7+ Kxb7 24. Bxg8 Rxc2 25. Re3 Nf5 26. Rb3+ Kc7 27. Bh7 Nd4 28. Bxc2 Nxc2 29. Kf2 Kd6 30. Rc3 Nd4 31. Ke3 c5 32. Ke4 Nc6 33. Rg3 c4 34. Rg6+ Kc5 35. Rxh6 Nb4 36. a3 Nd3 37. b3 Nf2+ 38. Ke3 cxb3 39. Kd2 b2 40. Kc2 Nd3 41. Rh8 a5 42. Rb8 a4 43. Kxd3 1-0

[Event "Early-Titled-Tuesday-Blitz-April-16-2024"]
[Site "Chess.com"]
[Date "2024.04.16"]
[Round "1"]
[White "ccccvhhhj"]
[Black "Witik"]
[Result "1-0"]
[WhiteElo "2437"]
[BlackElo "2707"]
[TimeControl "180+1"]
[EndTime "8:07:43 PDT"]
[Termination "ccccvhhhj won by resignation"]

1. e4 c6 2. d4 d5 3. e5 c5 4. dxc5 e6 5. Qg4 Nc6 6. Nf3 f6 7. Bd3 f5 8. Qg3 Qc7 9. O-O Bxc5 10. Nc3 a6 11. a3 Nge7 12. Qxg7 Rg8 13. Qxh7 Nxe5 14.
Nxe5 Qxe5 15. Qh5+ Kd7 16. Qe2 Qg7 17. g3 Nc6 18.
Re1 Nd4 19. Qd1 Qg4 20. Be2 Qh3 21. Bf1 Qh7 22. Bg2 Rh8 23. h4 Qh5 24. Qxh5 Rxh5 25. Rd1 Nxc2 26. Rb1 Nd4 27. Be3 Nb3 28. Bxc5 Nxc5 29.
Nxd5 exd5 30. Rxd5+ Ke6 31. Rxc5 Bd7 32. Re1+ Kd6 33. Rd5+ Kc7 34. Rc1+ Kd8 35. Rcd1 Rh7 36. Bh3 Kc7 37. Rc1+ Bc6 38. Rd2 Rg8 39. Bg2 Kb6 40. Bxc6 bxc6 41. Rd6 Rc7 42. b4 f4 43. Kg2 Kb5 44.
Rd3 Ka4 45. Rc5 1-0

[Event "Early-Titled-Tuesday-Blitz-April-16-2024"]
[Site "Chess.com"]
[Date "2024.04.16"]
[Round "1"]
[White "David_George21"]
[Black "SirStrateg"]
[Result "0-1"]
[WhiteElo "2323"]
[BlackElo "2628"]
[TimeControl "180+1"]
[EndTime "8:07:43 PDT"]
[Termination "SirStrateg won by checkmate"]

1. e4 d6 2. d4 Nf6 3. Nc3 c6 4. f3 b5 5. a3 Nbd7 6. Nge2 e5 7.
Be3 Qc7 8. Qd2 Nb6 9. b3 a6 10. g4 h5 11. g5 Nfd7 12. g6 fxg6 13. Rg1 Kf7 14. d5 Nf6 15. O-O-O cxd5 16. Bxb6 Qxb6 17. Nxd5 Qc5 18. b4 Qc6 19. Qg5 Rh6 20. Nec3 Be6 21.
Kb2 Rc8 22. Qd2 h4 23. Be2 Bxd5 24. exd5 Qc7 25. Bd3 Be7 26. Rg2 Qxc3+ 27. Qxc3 Rxc3 28. Kxc3 Nxd5+ 29. Kb2 Ne3 30. Rgg1 Nxd1+ 31. Rxd1 h3 32. Be4 Rh4 33. Bb7 Rf4 34. Rd3 Bf6 35. Kb3 Ke6 36.
Bxa6 g5 37. Bxb5 g4 38. Bc4+ Kd7 39. fxg4 Rxg4 40. Rxh3 e4 41. a4 Rg1 42. a5 Rb1+ 43. Ka4 Kc6 44. b5+ Kc5 45. Ba2 Rb4+ 46. Ka3 Rxb5 47.
Rb3 Rxa5# 0-1

[Event "Early-Titled-Tuesday-Blitz-April-16-2024"]
[Site "Chess.com"]
[Date "2024.04.16"]
[Round "1"]
[White "AsaHoffmann"]
[Black "Karttunen"]
[Result "0-1"]
[WhiteElo "2401"]
[BlackElo "2700"]
[TimeControl "180+1"]
[EndTime "8:07:45 PDT"]
[Termination "Karttunen won on time"]

1. d4 Nf6 2. Bg5 Ne4 3. Bf4 d5 4. f3 Nf6 5. e4 e6 6. e5 Nfd7 7.
Be3 c5 8. c3 Nc6 9. f4 Qb6 10.
Qd2 a5 11. Nf3 a4 12. Be2 cxd4 13. Nxd4 Nxd4 14. Bxd4 Bc5 15. Na3 O-O 16. O-O f6 17.
Kh1 Qc7 18. Nb5 Qc6 19. Bxc5 Nxc5 20. Nd4 Qc7 21. Qe3 a3 22. b3 Ne4 23. Rac1 fxe5 24. fxe5 Rxf1+ 25. Rxf1 Qxe5 26. Bd3 Bd7 27. Bxe4 dxe4 28.
Re1 Rf8 29. Kg1 Qf6 30. h3 e5 31. Nc2 Bc6 32. Nxa3 Ra8 33. Rf1 Qg6 34. Nc4 Rxa2 35.
Rf2 Rxf2 36. Kxf2 b5 37. Nd2 Qf5+ 38. Kg1 Qf4 39. Nf1 h6 40. Qc5 Qf6 41. Ne3 Kh7 42. Ng4 Qe6 43. Qxe5 Qg6 44. Qf4 e3 45. Nxe3 Be4 46.
Kh2 Qe6 47. c4 b4 48. Ng4 Bg6 49. Qe5 Qd7 0-1

[Event "Early-Titled-Tuesday-Blitz-April-16-2024"]
[Site "Chess.com"]
[Date "2024.04.16"]
[Round "1"]
[White "only_strong_moves"]
[Black "MdChess1734"]
[Result "0-1"]
[WhiteElo "2628"]
[BlackElo "2359"]
[TimeControl "180+1"]
[EndTime "8:07:46 PDT"]
[Termination "MdChess1734 won by resignation"]

1. d4 Nf6 2. c4 e6 3. Nf3 Bb4+ 4. Nbd2 b6 5. g3 Bb7 6. Bg2 O-O 7. O-O d5 8. cxd5 exd5 9. a3 Be7 10. Ne5 c5 11.
Ndf3 Nbd7 12. Bf4 Rc8 13. Rc1 c4 14. Nxd7 Qxd7 15. Ne5 Qe6 16. Re1 Bd6 17. f3 Nh5 18. e4 Nxf4 19. gxf4 f6 20. f5 Qe7 21. Ng4 Bf4 22. Rc2 Qd6 23. Kh1 Rfd8 24. e5 fxe5 25. dxe5 Qf8 26. f6 d4 27. Bh3 d3 28. Rg2 g6 29. e6 Qc5 30. e7 Re8 31. Nf2 Qh5 32.
Be6+ Kh8 33. Bg4 Qd5 34. Nh3 Be5 35. f7 Qxf7 36. Rxe5 Rc7 37. Qd2 Rcxe7 38. Rxe7 Qxe7 39. Rf2 Qe5 40. Ng5 Rf8 41. Kg2 Rf4 42. h3 Qxg5 43.
Qc3+ Kg8 44. Kg3 h5 45. b3 hxg4 46. hxg4 Bxf3 0-1

[Event "Early-Titled-Tuesday-Blitz-April-16-2024"]
[Site "Chess.com"]
[Date "2024.04.16"]
[Round "1"]
[White "Trendle"]
[Black "JJDAREK"]
[Result "1-0"]
[WhiteElo "2619"]
[BlackElo "2308"]
[TimeControl "180+1"]
[EndTime "8:07:47 PDT"]
[Termination "Trendle won on time"]

1. d4 d6 2. e4 g6 3. Nc3 Bg7 4. Nf3 a6 5. a4 b6 6. Bc4 e6 7.
O-O Ne7 8. Bb3 O-O 9. Ne2 Bb7 10. Ng3 Nd7 11. Re1 c5 12. c3 Rc8 13. Bf4 cxd4 14. cxd4 d5 15. Bg5 dxe4 16. Nxe4 h6 17. Bh4 Bxe4 18. Rxe4 Nf6 19. Re1 g5 20. Bg3 Nf5 21. Be5 Nd5 22. Bxg7 Kxg7 23. Bc2 Qf6 24. Rc1 Rfd8 25.
Ne5 Nf4 26. Bxf5 Rxc1 27. Qxc1 Qxf5 28. Qc7 Rxd4 29. Qxb6 Ne2+ 30. Kf1 Qxe5 31. Qxa6 Re4 32. Rxe2 Rxe2 33. Qxe2 Qxh2 34. Qe4 Qh1+ 35. Ke2 Qc1 36. Qd4+ Kg8 37. a5 Qc2+ 38. Kf3 Qb3+ 39. Kg4 Qb7 40. f3 Qc8 41. Kh5 Kh7 42. b4 Qg8 43. Qf6 Qg6+ 44. Qxg6+ fxg6+ 45. Kg4 Kg7 46. a6 Kf6 47. a7 h5+ 48.
Kg3 1-0

[Event "Early-Titled-Tuesday-Blitz-April-16-2024"]
[Site "Chess.com"]
[Date "2024.04.16"]
[Round "1"]
[White "Sanan_Sjugirov"]
[Black "B_nn_t"]
[Result "1/2-1/2"]
[WhiteElo "3054"]
[BlackElo "2538"]
[TimeControl "180+1"]
[EndTime "8:07:48 PDT"]
[Termination "Game drawn by repetition"]

1. e4 c5 2. Nf3 d6 3. d4 cxd4 4. Nxd4 Nf6 5. Nc3 Nc6 6. Bg5 e6 7. Qd2 a6 8. O-O-O Bd7 9. f4 Be7 10. Nf3 b5 11. Bxf6 gxf6 12. Kb1 Qb6 13. f5 O-O-O 14.
Qh6 Kb7 15. Bd3 Ka7 16. Qh5 Rhf8 17. Rhe1 Nb4 18. fxe6 fxe6 19. Qxh7 Rfe8 20. Bf1 Rc8 21. Nd4 Rc7 22. Qh3 Rec8 23. Qe3 Kb8 24. g3 Nc6 25.
Nxc6+ Qxc6 26. Bd3 b4 27. Ne2 e5 28. c4 bxc3 29. Nxc3 Be6 30. Rc1 Qb7 31. Ka1 Rc5 32.
Qd2 d5 33. exd5 Bxd5 34. Nxd5 Qxd5 35. Rxc5 Bxc5 36. Qe2 Bd4 37. Bxa6 Rc7 38. Rb1 Ka7 39. Bd3 Qa5 40. Qd1 Rd7 41. Qb3 Rb7 42. Qc2 Rc7 43.
Qb3 Rb7 44. Qc4 Rb4 45. Qc2 Ra4 46. Qb3 Rb4 47. Qf7+ Rb7 48. Qc4 Rc7 49. Qg8 Rb7 50.
Qc4 1/2-1/2

[Event "Early-Titled-Tuesday-Blitz-April-16-2024"]
[Site "Chess.com"]
[Date "2024.04.16"]
[Round "1"]
[White "GrigorGrigorov"]
[Black "Happy1712Drummer"]
[Result "1-0"]
[WhiteElo "2924"]
[BlackElo "2509"]
[TimeControl "180+1"]
[EndTime "8:07:48 PDT"]
[Termination "GrigorGrigorov won by resignation"]

1. d4 d5 2. c4 e6 3. Nf3 Nf6 4. g3 c5 5. cxd5 exd5 6. Bg2 Nc6 7. O-O Be7 8. Nc3 O-O 9. dxc5 Bxc5 10. Na4 Be7 11.
Be3 Ne4 12. Rc1 Be6 13. Nd4 Nxd4 14. Bxd4 b6 15. Nc3 Nxc3 16. Rxc3 Rc8 17. Qd3 Qd7 18. Rfc1 Bb4 19. Rxc8 Rxc8 20. Rxc8+ Qxc8 21. h4 Qc1+ 22. Kh2 Bc5 23. Bxc5 Qxc5 24. e3 g6 25. a3 Qc1 26.
Qd4 Qc2 27. Qf6 h5 28. Bh3 Bxh3 29. Kxh3 Qc8+ 30. Kg2 Qc4 31. Kh2 Qe4 32. Qd8+ Kg7 33. Qc7 Qf3 34. Kg1 Qd1+ 35. Kg2 Qd2 36. Qe5+ Kh7 37. Qf6 Kg8 38. Kf3 Qd1+ 39. Kf4 Qg4+ 40. Ke5 Qe4+ 41. Kd6 Qd3 42. Ke7 Qe4+ 43. Kd7 Qd3 44.
Ke8 Qe4+ 45. Qe7 Qa4+ 46. Kd8 Qc6 47. Qe8+ Kg7 48. Qxc6 d4 49. exd4 Kh7 50. Qf6 Kg8 51. Ke7 1-0